 Dungeon Crawl Stone Soup version 0.23-a0-151-gf6d1ed2 (console) character file.

68 surprisetrex2 the Ducker (level 4, -1/35 HPs)
             Began as a Merfolk Ice Elementalist on Sept 12, 2018.
             Slain by a hobgoblin
             ... wielding a +0 club
              (5 damage)
             ... on level 2 of the Dungeon.
             The game lasted 00:07:33 (1406 turns).

surprisetrex2 the Ducker (Merfolk Ice Elementalist) Turns: 1406, Time: 00:07:34

Health: -1/35      AC:  2    Str:  8    XL:     4   Next: 19%
Magic:  1/7        EV: 14    Int: 14    God:
Gold:   51         SH:  0    Dex: 15    Spells: 6/7 levels left

rFire    . . .     SeeInvis .   i - +0 short sword
rCold    . . .     Gourm    .   (no shield)
rNeg     . . .     Faith    .   a - +0 robe
rPois    .         Spirit   .   (no helmet)
rElec    .         Reflect  .   (no cloak)
rCorr    .         Harm     .   (no gloves)
MR       .....                  (no boots)
Stlth    ++........             (no amulet)
HPRegen  0.11/turn              (no ring)
MPRegen  0.10/turn              (no ring)

@: no status effects
A: change form in water, swift swim, stealthy swim
a: no special abilities


You were on level 2 of the Dungeon.
You were hungry.

You visited 1 branch of the dungeon, and saw 2 of its levels.

You collected 51 gold pieces.

Inventory:

Hand Weapons
 i - a +0 short sword (weapon)
Missiles
 d - 83 stones (quivered)
 l - 12 poisoned needles
Armour
 a - a +0 robe (worn)
Scrolls
 b - 2 scrolls of enchant weapon {unknown}
 e - 2 scrolls of identify {unknown}
 f - a scroll of fog {unknown}
 g - a scroll of amnesia {unknown}
 h - 2 scrolls of remove curse {unknown}
Potions
 j - a potion of mutation {unknown}
 m - a potion of might {unknown}
 n - a potion of degeneration {unknown}
Comestibles
 c - 2 rations


   Skills:
 + Level 3.1 Fighting
 - Level 4.0 Dodging
 - Level 2.1 Stealth
 - Level 2.0 Spellcasting
   Level 0.7 Conjurations
 - Level 3.2 Ice Magic


You had 6 spell levels left.
You knew the following spells:

 Your Spells              Type           Power        Failure   Level  Hunger
a - Freeze                Ice            ##..         6%          1    ##.....

Your spell library contained the following spells:

 Spells                   Type           Power        Failure   Level  Hunger
 Throw Frost              Conj/Ice       #.....       16%         2    ###....
 Ozocubu's Armour         Chrm/Ice       #.......     36%         3    ####...
 Throw Icicle             Conj/Ice       #.......     71%         4    #####..
 Summon Ice Beast         Ice/Summ       #.......     77%         4    #####..


Dungeon Overview and Level Annotations

Branches:
Dungeon (2/15)

Altars:


Message History

The kobold closely misses you.
You hit the kobold.
You kill the kobold!
You barely miss the hobgoblin. The hobgoblin misses you.
You hit the hobgoblin but do no damage. The hobgoblin misses you.
You hit the hobgoblin.
The hobgoblin is lightly wounded.
You are feeling hungry.
The hobgoblin hits you with a club.
* * * LOW HITPOINT WARNING * * *
You hit the hobgoblin.
The hobgoblin is heavily wounded.
The hobgoblin hits you but does no damage.
You hit the hobgoblin but do no damage.
The hobgoblin is heavily wounded.
The hobgoblin misses you.
You hit the hobgoblin but do no damage.
The hobgoblin is heavily wounded.
The hobgoblin hits you with a club.
You die... w

#.........#
#.###.........#
((..#.........####
.(............÷.###
##(..#..###..#...#####
##(......##..##.....#
#.......###...#....#
.........(..###...#>...#
...........Kg@....#.÷..#
..##......(.##.........#
. ..#.......##.........#
##.#.......#..........#
#..#.................#
#..............)....#
###................#
#............#####
#........#.#..##


You could see a hobgoblin and a kobold.

Vanquished Creatures
  2 adders (D:2)
  A worm (D:2)
  5 dart slugs
  A leopard gecko (D:2)
  2 giant cockroaches (D:2)
  6 goblins
  3 hobgoblins (D:1)
  5 kobolds
  A quokka (D:2)
  2 ball pythons (D:2)
  6 bats (D:1)
  3 rats (D:1)
37 creatures vanquished.

Notes
Turn   | Place    | Note
-------+----------+-------------------------------------------
     0 | D:1      | surprisetrex2 the Merfolk Ice Elementalist began the quest
                  | for the Orb.
     0 | D:1      | Reached XP level 1. HP: 13/13 MP: 3/3
    77 | D:1      | Reached skill level 3 in Dodging
   206 | D:1      | Reached XP level 2. HP: 16/19 MP: 0/5
   335 | D:1      | Reached skill level 4 in Dodging
   476 | D:1      | Reached skill level 1 in Fighting
   649 | D:1      | Reached XP level 3. HP: 26/26 MP: 4/6
  1023 | D:2      | HP: 1/28 [goblin/dagger (1)]
  1387 | D:2      | Reached XP level 4. HP: 17/35 MP: 3/7
  1406 | D:2      | Slain by a hobgoblin

Vault maps used:
D:1:      minmay_arrival_split_and_join

Skill      XL: |  1  2  3 |
---------------+----------+-----
Dodging        | 3 4 |  4.0
Fighting       | 1 3 |  3.1
Stealth        | |  2.1
Spellcasting   | |  2.0
Conjurations   | |  0.7
Ice Magic      | |  3.2

Action                   |  1- 3 |  4- 6 || total
-------------------------+-------+-------++-------
Melee: Unarmed           |    18 |       ||    18
       Short sword       |    60 |    15 ||    75
Throw: Stone             |    87 |       ||    87
 Cast: Freeze            |    35 |     4 ||    39
  Use: Potion            |     1 |       ||     1
  Eat: Chunk             |     2 |       ||     2
Armor: Robe              |    13 |     2 ||    15
Dodge: Dodged            |   102 |    10 ||   112

Table legend:
 A = Non-vault XP
 B = Vault XP
 C = Vault XP percentage of total XP
 D = Non-vault monster count
 E = Vault monster count
 F = Vault count percentage of total count
                 A         B        C        D         E       F
            +---------+---------+-------+---------+---------+-------
      Total |      98 |       0 |   0.0 |      37 |       0 |   0.0
            +---------+---------+-------+---------+---------+-------
        D:1 |      46 |       0 |   0.0 |      24 |       0 |   0.0
        D:2 |      52 |       0 |   0.0 |      13 |       0 |   0.0
            +---------+---------+-------+---------+---------+-------
